 Dungeon Sprint DCSS version 0.29.1 (webtiles) character file.

Game seed: 15297557042278660621

1220 rocky1 the Fencer (level 8, -17/75 HPs)
             Began as a Minotaur Gladiator on Sept 13, 2022.
             Was an Initiate of Gozag.
             Demolished by Snorg (28 damage)
             ... in the Dungeon (Sprint III: "The Ten Rune Challenge").
             The game lasted 00:06:12 (1744 turns).

rocky1 the Fencer (Minotaur Gladiator)              Turns: 1744, Time: 00:06:13

Health: -17/75     AC:  4    Str: 24    XL:     8   Next: 23%
Magic:  7/7        EV: 16    Int:  5    God:    Gozag
Gold:   192        SH:  0    Dex: 15    Spells: 7/7 levels left

rFire   . . .      SeeInvis .   s - +0 long sword (holy)
rCold   . . .      Faith    .   (no shield)
rNeg    . . .      Spirit   .   b - +0 leather armour
rPois   .          Reflect  .   c - +0 hat
rElec   .          Harm     .   (no cloak)
rCorr   .          Rampage  .   (no gloves)
Will    .....      NoTele   +   (no boots)
Stlth   +.........              (no amulet)
HPRegen 0.22/turn               l - +6 ring of strength
MPRegen 0.10/turn               (no ring)

@: brilliant
A: horns 2, retaliatory headbutt
a: Renounce Religion, Potion Petition, Call Merchant, Bribe Branch


You were in the Dungeon.
You worshipped Gozag.
Gozag was aware of your devotion.
You visited 1 branch You collected 528 gold pieces.
You paid 336 gold pieces to Gozag.

Inventory:

Hand Weapons
 s - a +0 long sword of holy wrath (weapon)
Missiles
 e - a javelin (quivered)
Armour
 b - a +0 leather armour (worn)
 c - a +0 hat (worn)
Jewellery
 l - a +6 ring of strength (left hand)
Wands
 j - a wand of light (9)
Scrolls
 n - a scroll of torment {unknown}
 o - 2 scrolls of identify {unknown}
 q - a scroll of poison {unknown}
Potions
 a - a potion of berserk rage
 h - 2 potions of haste
 i - 2 potions of magic
 m - 3 potions of mutation {unknown}
 p - a potion of flight {unknown}
 r - a potion of brilliance {unknown}


   Skills:
 + Level 8.5 Fighting
 - Level 15.5 Long Blades
 - Level 2.0 Throwing
 + Level 8.0 Armour
 + Level 8.2 Dodging
 + Level 4.7 Evocations


You had 7 spell levels left.
You didn't know any spells.
Your spell library contained the following spells:

 Spells                   Type           Power      Damage    Failure   Level
 Summon Small Mammal      Summ           0%         N/A       52%         1
 Call Canine Familiar     Summ           0%         N/A       87%         3
 Gell's Gravitas          Tloc           0%         N/A       87%         3
 Lesser Beckoning         Tloc           0%         N/A       87%         3
 Summon Guardian Golem    Hex/Summ       0%         N/A       87%         3
 Teleport Other           Tloc           0%         N/A       87%         3


Dungeon Overview and Level Annotations

Branches:
Dungeon (1/1)

Altars:
Cheibriados
Dithmenos
Elyvilon
Fedhas
Gozag
Hepliaklqana
Kikubaaqudgha
Makhleb
Nemelex Xobeh
Okawaru
Qazlal
Ru
Sif Muna
Trog
Uskayaw
Vehumet
Wu Jian
Xom
Yredelemnul
Zin
The Shining One
Jiyva
Lugonu

Annotations:
D Snorg


Innate Abilities, Weirdness & Mutations

You have a pair of horns on your head.
You reflexively headbutt those who attack you in melee.


Message History

Snorg is heavily wounded.
Snorg struggles against the net.
You slash Snorg!
Snorg is heavily wounded.
Snorg struggles against the net.
The net rips apart, and Snorg comes free!
You slash Snorg!
Snorg is heavily wounded.
Snorg bites you!! Snorg misses you. Snorg barely misses you.
You slash Snorg!
Snorg is severely wounded.
Snorg bites you. Snorg closely misses you. Snorg claws you!
You closely miss Snorg.
Snorg is severely wounded.
Snorg closely misses you. Snorg claws you! Snorg barely misses you.
You hit Snorg. Your headbutt misses Snorg.
Snorg is severely wounded.
Snorg bites you.
* * * LOW HITPOINT WARNING * * *
Snorg claws you.
* * * LOW HITPOINT WARNING * * *
Snorg claws you.
* * * LOW HITPOINT WARNING * * *
[a] - 336 gold - brilliance and magic [b] - 910 gold - resistance, might, haste, curing and magic [c] - 550 gold - brilliance, magic and haste Purchase which effect? [a] - 336 gold - brilliance and magic [b] - 910 gold - resistance, might, haste, curing and magic [c] - 550 gold - brilliance, magic and haste Purchase which effect? [a] - 336 gold - brilliance and magic [b] - 910 gold - resistance, might, haste, curing and magic [c] - 550 gold - brilliance, magic and haste Purchase which effect?
You no longer have enough gold to petition Gozag for potion effects.
You feel clever all of a sudden. Magic courses through your body.
Snorg bites you!!
You die...
Your body crumbles into a pile of gold. ♣.############ $ $$ ♣♣.#___#___#__# $ $ $ $ ♣..#...#__.#._#$ $ ♣.)###'#'###)## $ ♣♣.#..........# $ $ ♣♣.')⌠........#$ $$$$$

♣..#...######'#$ $
...#.⌠.#__#...#+#####
...#...#__#...#.@~§§+
...#'###__#...#.#T§§#
...#.).#__#...'.#§§.#
...#___#__'...#.#§.§#
▓▓▓▓▓▓▓▓▓▓▓▓▓▓▓▓▓▓▓▓▓


You could see Snorg (berserk).

Vanquished Creatures
  A deep elf pyromancer (D)
  A shadow (D)
  A spatial vortex (D)
  A necrophage (D)
  A water elemental (D)
  A jelly (D)
  Jessica (D)
  A necromancer (D)
  3 humans (D)
  A kobold demonologist (D)
  A wolf (D)
  2 endoplasms (D)
  A rat (D)
16 creatures vanquished.

Vanquished Creatures (others)
  A wizard (D)
  A plant (D)
2 creatures vanquished.

Grand Total: 18 creatures vanquished

Notes
Turn   | Place    | Note
-------+----------+-------------------------------------------
     0 | D        | rocky1 the Minotaur Gladiator began the quest for the Orb.
     0 | D        | Reached XP level 1. HP: 18/18 MP: 0/0
     6 | D        | Reached skill level 4 in Long Blades
     8 | D        | Reached skill level 1 in Armour
    13 | D        | Noticed Jessica
    17 | D        | Killed Jessica
    18 | D        | Reached skill level 5 in Long Blades
    18 | D        | Reached XP level 2. HP: 18/27 MP: 1/1
    18 | D        | Reached XP level 3. HP: 22/33 MP: 2/2
   145 | D        | Reached skill level 6 in Long Blades
   515 | D        | Noticed a water elemental
   518 | D        | Killed a water elemental
   519 | D        | Reached skill level 9 in Long Blades
   519 | D        | Reached XP level 4. HP: 41/41 MP: 3/3
   612 | D        | Reached skill level 10 in Long Blades
   612 | D        | Reached XP level 5. HP: 36/47 MP: 4/4
   683 | D        | Noticed a shadow
   690 | D        | Killed a shadow
   691 | D        | Reached skill level 13 in Long Blades
   691 | D        | Reached XP level 6. HP: 25/53 MP: 5/5
   860 | D        | Found a blossoming altar of Fedhas.
   860 | D        | Found a stormy altar of Qazlal.
   860 | D        | Found a snail-covered altar of Cheibriados.
   860 | D        | Found a burning altar of Makhleb.
   860 | D        | Found a shimmering altar of Xom.
   861 | D        | Found a hazy altar of Hepliaklqana.
   861 | D        | Found an opulent altar of Gozag.
   861 | D        | Found a sparkling altar of Nemelex Xobeh.
   861 | D        | Found a corrupted altar of Lugonu.
   861 | D        | Found a viscous altar of Jiyva.
   861 | D        | Noticed a spatial vortex
   867 | D        | Became a worshipper of Gozag Ym Sagoz the Greedy
   877 | D        | Killed a spatial vortex
   878 | D        | Reached skill level 15 in Long Blades
   896 | D        | Found a basalt altar of Yredelemnul.
   896 | D        | Found a shadowy altar of Dithmenos.
   896 | D        | Found a sacrificial altar of Ru.
   900 | D        | Reached skill level 5 in Dodging
   904 | D        | Reached skill level 5 in Fighting
   944 | D        | Found a glowing silver altar of Zin.
   944 | D        | Found a glowing golden altar of the Shining One.
   944 | D        | Found a white marble altar of Elyvilon.
   944 | D        | Noticed a deep elf pyromancer
   956 | D        | Killed a deep elf pyromancer
   957 | D        | Reached XP level 7. HP: 16/67 MP: 6/6
  1204 | D        | Found a radiant altar of Vehumet.
  1204 | D        | Found a shimmering blue altar of Sif Muna.
  1204 | D        | Found an ancient bone altar of Kikubaaqudgha.
  1214 | D        | Noticed an orange demon
  1393 | D        | Found a hide-covered altar of Uskayaw.
  1393 | D        | Found an iron altar of Okawaru.
  1393 | D        | Found a bloodstained altar of Trog.
  1393 | D        | Found an ornate altar of the Wu Jian Council.
  1393 | D        | Noticed a human
  1396 | D        | Noticed a human
  1410 | D        | Killed a human
  1411 | D        | Reached XP level 8. HP: 48/74 MP: 7/7
  1732 | D        | Noticed Snorg
  1744 | D        | Demolished by Snorg

Illustrated notes

Levels and vault maps discovered:
D:        dungeon_sprint_mu [sprint_mu_entry_forest, sprint_mu_temple_rooms,
          sprint_mu_d1_horrors, sprint_mu_d2_genie, sprint_mu_d3_branching,
          sprint_mu_orc_legion, sprint_mu_elf_gauntlet, sprint_mu_hive_nellie,
          sprint_mu_lair_fedhas, sprint_mu_vaults_butterflies,
          sprint_mu_slime_circle, sprint_mu_swamp_cave, sprint_mu_snake_twists,
          sprint_mu_blade_basic, sprint_mu_crypt_chambers,
          sprint_mu_tomb_spiral, sprint_mu_vestibule_basic,
          sprint_mu_gehenna_hellfire, sprint_mu_dis_giant,
          sprint_mu_tartarus_statrot, sprint_mu_cocytus_islands, sprint_mu_zot1]

Skill      XL: |  1  2  3  4  5  6  7  8 |
---------------+-------------------------+-----
Long Blades    | 5 9 10 13 15 | 15.5
Armour         | 2 3 7 8 |  8.0
Fighting       | 4 7 8 |  8.5
Dodging        | 4 7 8 |  8.2
Evocations     | 3 4 |  4.7
Throwing       | |  2.0

Action                   |  1- 3 |  4- 6 |  7- 9 || total
-------------------------+-------+-------+-------++-------
Melee: Long sword        |    17 |    34 |    43 ||    94
       Punch             |     1 |     4 |       ||     5
       Headbutt          |     4 |     7 |     7 ||    18
Throw: Throwing net      |     3 |       |     3 ||     6
Invok: Potion Petition   |       |       |     1 ||     1
Evoke: Wand              |       |     2 |       ||     2
  Use: Potion            |     1 |       |     3 ||     4
       Scroll            |       |       |     1 ||     1
 Stab: Sleeping          |     1 |       |       ||     1
       Invisible         |       |     1 |       ||     1
Armor: Leather armour    |     1 |     1 |     8 ||    10
Dodge: Dodged            |     4 |     7 |    32 ||    43
